 Dungeon Crawl Stone Soup version 0.29.1-1-gd02db6906a (webtiles) character file.

Game seed: 8237026509775486872

39 masschaos23 the Trooper (level 3, 0/33 HPs)
             Began as a Hill Orc Fighter on Sept 15, 2022.
             Succumbed to an adder's poison
             ... on level 2 of the Dungeon.
             The game lasted 00:01:16 (1079 turns).

masschaos23 the Trooper (Hill Orc Fighter)          Turns: 1079, Time: 00:01:16

Health: 0/33       AC:  7    Str: 20    XL:     3   Next: 47%
Magic:  3/3        EV:  9    Int:  8    God:
Gold:   32         SH:  4    Dex: 10    Spells: 2/2 levels left

rFire   . . .      SeeInvis .   a - +0 war axe
rCold   . . .      Faith    .   c - +0 buckler
rNeg    . . .      Spirit   .   b - +0 scale mail
rPois   .          Reflect  .   (no helmet)
rElec   .          Harm     .   (no cloak)
rCorr   .          Rampage  .   (no gloves)
Will    .....                   (no boots)
Stlth   ..........              (no amulet)
HPRegen 0.11/turn               (no ring)
MPRegen 0.08/turn               (no ring)

@: mighty, lethally poisoned (0 -> -3), hasted, very quick
A: no striking features
a: no special abilities


You were on level 2 of the Dungeon.
You visited 1 branch of the dungeon, and saw 2 of its levels.

You collected 32 gold pieces.

Inventory:

Hand Weapons
 a - a +0 war axe (weapon)
Armour
 b - a +0 scale mail (worn)
 c - a +0 buckler (worn)
Scrolls
 e - a scroll of acquirement {unknown}
 f - a scroll of poison {unknown}
 g - a scroll of brand weapon {unknown}
 h - a scroll of identify {unknown}
Potions
 i - a potion of haste


   Skills:
 + Level 3.9 Fighting
 + Level 3.5 Axes
 + Level 3.7 Armour
 + Level 0.4 Dodging
 + Level 3.6 Shields


You had 2 spell levels left.
You didn't know any spells.
Your spell library was empty.

Dungeon Overview and Level Annotations

Branches:
Dungeon (2/15)

Altars:


Message History

You miss the adder.
You feel very sick. The adder bites you.
You are more poisoned.
The adder poisons you! The adder bites you but does no damage.
Natasha extends her claws.
The adder bites you but does no damage.
You hit the adder.
The adder is moderately wounded.
You feel very sick.
Natasha mumbles some strange words.
The adder bites you but does no damage. The adder bites you.
You are more poisoned.
The adder poisons you!
You miss the adder.
The adder is moderately wounded.
* * * LOW HITPOINT WARNING * * *
You feel very sick.
The crimson imp disappears in a puff of smoke!
The adder misses you. The adder bites you but does no damage.
The adder barely misses you.
It was a potion of haste.
You feel yourself speed up.
* * * LOW HITPOINT WARNING * * *
You feel sick. The adder closely misses you. The adder bites you.
* * * LOW HITPOINT WARNING * * *
You feel very mighty all of a sudden.
* * * LOW HITPOINT WARNING * * *
You feel sick. The adder bites you but does no damage.
You slash the adder!
You kill the adder!
* * * LOW HITPOINT WARNING * * *
You feel sick.
Natasha stares at you and mumbles some strange words.
You resist with significant effort.
You slice Natasha!!
You kill Natasha!
Natasha growls in agony!
The white imp disappears in a puff of smoke!
You feel yourself speed up.
You die...

#.# #.# #.#
#.# # #.#
#..#####.#
#.....§######
#....†Kg.@.#
#.###.#r###.#
...#.# #.#
.......# #.#
)..#g#.#.#
#<# .r
......# #.# .
.#.#.#.# #.#
..#.....# #.#
..#


You could see a quokka, a goblin and a kobold.

Vanquished Creatures
  Natasha (D:2)
  An adder (D:2)
  A dart slug (D:1)
  2 endoplasms (D:1)
  A giant cockroach (D:1)
  3 goblins (D:1)
  2 hobgoblins
  3 kobolds (D:1)
  A quokka (D:1)
  6 ball pythons (D:1)
  2 bats (D:1)
  4 frilled lizards (D:1)
  A rat (D:1)
28 creatures vanquished.

Notes
Turn   | Place    | Note
-------+----------+-------------------------------------------
     0 | D:1      | masschaos23 the Hill Orc Fighter began the quest for the
                  | Orb.
     0 | D:1      | Reached XP level 1. HP: 19/19 MP: 1/1
   273 | D:1      | Reached XP level 2. HP: 27/27 MP: 2/2
   668 | D:1      | Reached XP level 3. HP: 30/33 MP: 3/3
  1060 | D:2      | Noticed Natasha
  1078 | D:2      | HP: 1/33 [poisoned by an adder]
  1079 | D:2      | Killed Natasha
  1079 | D:2      | Succumbed to an adder's poison

Illustrated notes

Levels and vault maps discovered:
D:1:      noname_arrival_rooms_in_the_neighbourhood, layout_basic
D:2:      layout_loops_ring, basic_altar, guppyfry_early_orc_mine, uniq_natasha,
          uniq_jessica

Skill      XL: |  1  2 |
---------------+-------+-----
Axes           | 3 |  3.5
Fighting       | |  3.9
Armour         | |  3.7
Dodging        | |  0.4
Shields        | |  3.6

Action                   || total
-------------------------++-------
Melee: War axe           ||    80
  Use: Potion            ||     2
Armor: Scale mail        ||    47
Dodge: Dodged            ||    46
Block: Buckler           ||    17
